 Dungeon Crawl Stone Soup version 0.30-a0-1018-g25214051b3 (webtiles) character file.

Game seed: 10251679214228039280

21966 bmack86 the Severer (level 12, -6/107 HPs)
             Began as a Minotaur Fighter on Apr 7, 2023.
             Was the Champion of Okawaru.
             Killed from afar by a will-o-the-wisp (10 damage)
             ... with a foxfire
             ... on level 3 of the Lair of Beasts.
             The game lasted 00:31:20 (12304 turns).

bmack86 the Severer (Minotaur Fighter)             Turns: 12304, Time: 00:31:21

Health: -6/107     AC: 28    Str: 30    XL:     12   Next: 58%
Magic:  16/16      EV:  7    Int:  9    God:    Okawaru [******]
Gold:   1228       SH:  6    Dex: 13    Spells: 11/11 levels left

rFire   . . .      SeeInvis .    m - +7 broad axe (flame)
rCold   . . .      Faith    +    c - +0 buckler
rNeg    . . .      Spirit   .    G - +4 plate armour {rPois}
rPois   +          Reflect  .    (helmet restricted)
rElec   .          Rampage  .    s - +2 cloak {rCorr}
rCorr   +                        C - +1 pair of gloves
Will    +....                    j - +2 pair of boots Stlth
                                 n - amulet of faith
HPRegen 0.37/turn                p - ring of willpower
MPRegen 0.15/turn                K - ring of Zaelocunt {rPois Str+4 Int+4 Dex+3}

@: studying Axes
A: horns 2, retaliatory headbutt
a: Renounce Religion, Heroism, Finesse, Duel


You were on level 3 of the Lair of Beasts.
You worshipped Okawaru.
Okawaru was exalted by your worship.
You visited 3 branches of the dungeon, and saw 15 of its levels.
You also visited: Ossuary and Ice Cave.

You collected 1612 gold pieces.
You spent 384 gold pieces at shops.

Inventory:

Hand Weapons
 a - a +0 war axe
 m - a +7 broad axe of flaming (weapon)
 S - the +4 war axe of Psychosis {freeze, rF+ rN+ Dex+4}
   (You found it on level 11 of the Dungeon)

   Dex:       It affects your dexterity (+4).
   rF:        It protects you from fire.
   rN:        It protects you from negative energy.
Missiles
 k - 52 poisoned darts
 l - a throwing net
 r - 8 boomerangs (quivered)
 E - 8 javelins
Armour
 c - a +0 buckler (worn)
 j - a +2 pair of boots (worn)
 s - a +2 cloak of preservation (worn)
 z - the +5 ring mail of the Boiling Point {+Inv rElec}
   (You took it off a kobold on level 4 of the Dungeon)

   rElec:     It insulates you from electricity.
   +Inv:      It lets you turn invisible.
 C - a +1 pair of gloves (worn)
 G - a +4 plate armour of poison resistance (worn)
 P - a +2 cloak of poison resistance
Jewellery
 n - an amulet of faith (around neck)
 p - a ring of willpower (left hand)
 w - a +5 ring of evasion
 K - the ring of Zaelocunt (right hand) {rPois Str+4 Int+4 Dex+3}
   (You found it on level 9 of the Dungeon)

   [ring of poison resistance]

   Str:       It affects your strength (+4).
   Int:       It affects your intelligence (+4).
   Dex:       It affects your dexterity (+3).
   rPois:     It protects you from poison.
 O - a +5 ring of evasion
 Q - a ring of resist corrosion
 R - a ring of ice
Wands
 b - a wand of flame (7)
 g - a wand of polymorph (11)
 v - a wand of paralysis (22)
 I - a wand of acid (9)
 L - a wand of roots (5)
Scrolls
 h - 2 scrolls of poison
 i - 4 scrolls of fog
 y - 2 scrolls of blinking
 A - 4 scrolls of teleportation
 F - 2 scrolls of fear
 J - a scroll of silence
Potions
 d - 2 potions of might
 e - 10 potions of curing
 f - 6 potions of flight
 o - 2 potions of ambrosia
 q - a potion of attraction
 t - 6 potions of haste
 u - 6 potions of cancellation
 x - a potion of berserk rage
 B - a potion of invisibility {unknown}
 D - a potion of resistance {unknown}
 H - 2 potions of magic
 M - a potion of heal wounds
 N - a potion of degeneration {unknown}


   Skills:
 + Level 10.5 Fighting
 * Level 16.4 Axes
 + Level 8.0 Throwing
 + Level 10.6 Armour
 + Level 10.5 Shields
 + Level 7.4 Invocations


You had 11 spell levels left.
You didn't know any spells.
Your spell library contained the following spells:

 Spells                   Type           Power      Damage    Failure   Level
 Freeze                   Ice            0%         1d3       98%         1
 Magic Dart               Conj           0%         1d3       98%         1
 Shock                    Conj/Air       0%         1d3       98%         1
 Scorch                   Fire           0%         2d5       99%         2
 Frozen Ramparts          Ice            0%         1d1       100%        3
 Hailstorm                Conj/Ice       0%         3d3       100%        3
 Mephitic Cloud           Conj/Pois/Air  0%         N/A       100%        3
 Ozocubu's Armour         Ice            0%         N/A       100%        3
 Swiftness                Air            0%         N/A       100%        3
 Airstrike                Air            0%         2d(0-16)  100%        4
 Flame Wave               Conj/Fire      0%         2d4       100%        4
 Ozocubu's Refrigeration  Ice            0%         4d7       100%        7
 Chain Lightning          Conj/Air       0%         N/A       100%        9
 Call Imp                 Summ           Unusable   N/A       N/A         2
 Call Canine Familiar     Summ           Unusable   N/A       N/A         3
 Summon Cactus Giant      Summ           Unusable   N/A       N/A         6
 Monstrous Menagerie      Summ           Unusable   N/A       N/A         7

Dungeon Overview and Level Annotations

Branches:
Dungeon (11/15)            Temple (1/1) D:7            Lair (3/5) D:11
  Swamp (0/4) Lair:3      Ossuary (visited)           IceCv (visited)
  Snake: Lair:2-3    Spider: Lair:2-3       Orc: D:9-12

Altars:
Ashenzari
Cheibriados
Dithmenos
Elyvilon
Fedhas
Gozag
Hepliaklqana
Kikubaaqudgha
Makhleb
Nemelex Xobeh
Okawaru
Qazlal
Ru
Sif Muna
Trog
Uskayaw
Vehumet
Wu Jian
Xom
Yredelemnul
Zin
The Shining One

Shops:
D:6 [   D:7 :

Annotations:
D:5 3 runed translucent doors, abessonov's ghost, amateur HOFi
Temple 4 transporters


Innate Abilities, Weirdness & Mutations

You have a pair of horns on your head.
You reflexively headbutt those who attack you in melee.


Message History

The electric eel shoots out a bolt of lightning at you!
The bolt of electricity hits you!
You slice the electric eel!! You burn the electric eel.
You kill the electric eel!
Okawaru accepts your kill.
The will-o-the-wisp gestures.
The will-o-the-wisp conjures some foxfire!
A foxfire comes into view.
You enter the shallow water.
Moving in this stuff is going to be slow.
The foxfire hits you!!
The will-o-the-wisp gestures.
The will-o-the-wisp conjures some foxfire! 2 foxfires come into view.
The will-o-the-wisp gestures.
The will-o-the-wisp conjures some foxfire!
The foxfire hits you. 2 foxfires come into view.
The foxfire hits you! The foxfire hits you.
The foxfire hits you but does no damage.
Found a staircase to the Swamp.
The will-o-the-wisp gestures.
The will-o-the-wisp conjures some foxfire! 2 foxfires come into view.
You see here 24 gold pieces.
The foxfire hits you!
* * * LOW HITPOINT WARNING * * *
The foxfire hits you but does no damage.
You slash the will-o-the-wisp!
Your headbutt misses the will-o-the-wisp.
The will-o-the-wisp is moderately damaged.
The will-o-the-wisp gestures.
The will-o-the-wisp conjures some foxfire! 2 foxfires come into view.
You barely miss the will-o-the-wisp. You headbutt the will-o-the-wisp.
The will-o-the-wisp is moderately damaged.
You slash the foxfire! You closely miss the foxfire. The foxfire hits you!
* * * LOW HITPOINT WARNING * * *
The foxfire hits you!
You die...

.......§§.§.....
......~.§.$.......
..................
..................
........§...........
.......§............
#P....v§..........
#....$@v..$.......
##................
#.................
P###................
.P...~~~~~..<##.#.#.
.....~~##~...≈.#####
...#.~##~~...#≈≈≈≈≈#
.##..~ #~~...≈§≈§§≈≈
##.~~#P~...≈§≈§≈≈#


You could see a will-o-the-wisp.

Vanquished Creatures
  Fannar (D:11)
  Erolcha (D:11)
  A boulder beetle (D:11)
  4 two-headed ogres
  Nergalle (Lair:1)
  2 manticores
  An ugly thing (IceCv)
  2 cyclopes (D:11)
  A black mamba (Lair:2)
  6 elephants
  A molten gargoyle (Lair:3)
  3 ice statues (IceCv)
  2 cane toads
  A freezing wraith (IceCv)
  A rime drake (Lair:2)
  2 gargoyles (D:11)
  2 komodo dragons
  An anaconda simulacrum (IceCv)
  3 trolls
  A polar bear (Lair:2)
  13 yaks
  4 wyverns
  2 dire elephant simulacra (IceCv)
  Menkaure (D:7)
  A steam dragon (D:6)
  An acid dragon (D:11)
  A hydra simulacrum (IceCv)
  5 water moccasins
  2 sky beasts (D:7)
  An ice beast (D:7)
  3 orc warriors
  A black bear (Lair:2)
  8 centaurs
  3 ogres
  4 phantoms
  Blork the orc (D:4)
  2 elf zombies (Ossuary)
  5 kobold brigands
  7 bullfrogs
  A scorpion (D:6)
  3 cane toad simulacra (IceCv)
  9 wights
  2 electric eels
  5 howler monkeys
  A human zombie (Ossuary)
  2 hounds
  A jelly (D:5)
  6 orc priests
  10 orc wizards
  3 iguanas (D:5)
  4 hell rats (Lair:1)
  A scorpion zombie (D:5)
  A wolf simulacrum (IceCv)
  A hound zombie (D:5)
  2 mummies (Ossuary)
  14 adders
  3 gnolls (D:2)
  13 white imps
  An ufetubus (D:6)
  3 adder zombies (Ossuary)
  3 worms
  5 dart slugs
  40 orcs
  4 ball pythons
  7 endoplasms
  5 giant cockroaches
  3 goblins
  8 hobgoblins
  3 jackals (D:1)
  36 kobolds
  A quokka (D:3)
  2 bats
  2 frilled lizards
  A goblin zombie (Ossuary)
  14 hobgoblin zombies (Ossuary)
  A jackal zombie (Ossuary)
  5 kobold zombies (Ossuary)
  6 orc zombies (Ossuary)
  8 rats
  4 rat zombies (Ossuary)
346 creatures vanquished.

Vanquished Creatures (others)
  2 orc wizards (D:3)
  An orc (D:3)
  9 foxfires (Lair:3)
  2 fungi (Lair:1)
  41 plants
55 creatures vanquished.

Grand Total: 401 creatures vanquished

Notes
Turn   | Place    | Note
-------+----------+-------------------------------------------
     0 | D:1      | bmack86 the Minotaur Fighter began the quest for the Orb.
     0 | D:1      | Reached XP level 1. HP: 19/19 MP: 0/0
   108 | D:1      | Reached XP level 2. HP: 27/27 MP: 1/1
   239 | D:1      | Reached skill level 3 in Axes
   580 | D:2      | Reached XP level 3. HP: 33/33 MP: 2/2
   604 | D:2      | Found a faded altar of an unknown god.
   864 | D:2      | Reached XP level 4. HP: 40/40 MP: 3/3
  1011 | D:2      | Reached skill level 4 in Axes
  1546 | D:3      | Reached XP level 5. HP: 31/47 MP: 4/4
  1553 | D:3      | Reached skill level 1 in Throwing
  1799 | D:3      | Found an opulent altar of Gozag.
  2021 | D:3      | Reached skill level 5 in Axes
  2021 | D:3      | Reached XP level 6. HP: 51/53 MP: 5/5
  2354 | D:3      | Found a glowing silver altar of Zin.
  2431 | D:3      | Found a broken altar of Ashenzari.
  2653 | D:4      | Identified 3 scrolls of acquirement
  2653 | D:4      | Acquired a +6 broad axe of flaming
  2665 | D:4      | Acquired a ring of willpower
  2667 | D:4      | Acquired 821 gold pieces
  2777 | D:4      | Found an ornate altar of the Wu Jian Council.
  2850 | D:4      | Reached skill level 5 in Armour
  2888 | D:4      | Found a sand-covered staircase.
  2903 | Ossuary  | Entered an ossuary
  3018 | Ossuary  | Reached skill level 5 in Shields
  3029 | Ossuary  | Reached skill level 5 in Fighting
  3134 | Ossuary  | Reached XP level 7. HP: 61/61 MP: 6/6
  3153 | Ossuary  | Reached skill level 6 in Axes
  3199 | D:4      | Found a sacrificial altar of Ru.
  3671 | D:4      | Noticed Blork the orc
  3683 | D:4      | Killed Blork the orc
  3802 | D:4      | Identified the +5 ring mail of the Boiling Point {+Inv
                  | rElec}
  3997 | D:5      | Entered Level 5 of the Dungeon
  4028 | D:5      | Found an iron altar of Okawaru.
  4037 | D:5      | Became a worshipper of Warmaster Okawaru
  4394 | D:5      | Reached skill level 1 in Invocations
  4447 | D:5      | Found a runed translucent gate.
  4447 | D:5      | Found a runed translucent gate.
  4447 | D:5      | Found a runed translucent gate.
  4449 | D:5      | Found an opulent altar of Gozag.
  4449 | D:5      | Noticed a gargoyle
  4451 | D:5      | Noticed abessonov's ghost (amateur HOFi)
  4522 | D:5      | Reached XP level 8. HP: 59/70 MP: 7/7
  4640 | D:5      | Reached skill level 7 in Axes
  4642 | D:5      | Found a basalt altar of Yredelemnul.
  4894 | D:6      | Reached * piety under Okawaru
  5123 | D:6      | Found Alerim's Armour Boutique.
  5126 | D:6      | Bought a +1 plate armour of poison resistance for 384 gold
                  | pieces
  5645 | D:7      | Found Posoud's Vocational Training.
  5685 | D:7      | Reached ** piety under Okawaru
  5746 | D:7      | Reached skill level 8 in Axes
  5787 | D:7      | Found a glowing golden altar of the Shining One.
  5940 | D:7      | Reached XP level 9. HP: 77/78 MP: 10/10
  5968 | D:7      | Found a staircase to the Ecumenical Temple.
  6052 | Temple   | Entered the Ecumenical Temple
  6052 | Temple   | Found a transporter.
  6052 | Temple   | Found a transporter.
  6054 | Temple   | Found a transporter.
  6054 | Temple   | Found a transporter.
  6093 | D:7      | Found a bloodstained altar of Trog.
  6157 | D:7      | Reached *** piety under Okawaru
  6292 | D:7      | Noticed Menkaure
  6296 | D:7      | Killed Menkaure
  6614 | D:8      | Noticed a two-headed ogre
  6625 | D:8      | Killed a two-headed ogre
  6625 | D:8      | Received a gift from Okawaru
  6626 | D:8      | Reached skill level 9 in Axes
  6711 | D:8      | Reached **** piety under Okawaru
  7022 | D:8      | Noticed an elephant
  7031 | D:8      | Killed an elephant
  7032 | D:8      | Reached skill level 5 in Throwing
  7037 | D:8      | Noticed an elephant
  7037 | D:8      | Noticed an elephant
  7045 | D:8      | Killed an elephant
  7046 | D:8      | Reached XP level 10. HP: 86/86 MP: 10/12
  7047 | D:8      | Killed an elephant
  7047 | D:8      | Received a gift from Okawaru
  7048 | D:8      | Reached skill level 10 in Axes
  7312 | D:8      | Found a blossoming altar of Fedhas.
  7321 | D:8      | Found a snail-covered altar of Cheibriados.
  7588 | D:8      | Reached ***** piety under Okawaru
  7588 | D:8      | Received a gift from Okawaru
  7699 | D:9      | Identified the ring of Zaelocunt {rPois Str+4 Int+4 Dex+3}
  7788 | D:9      | Acquired a manual of Axes
  7972 | D:9      | Found an ancient bone altar of Kikubaaqudgha.
  8322 | D:10     | Entered Level 10 of the Dungeon
  8322 | D:10     | Noticed a two-headed ogre
  8323 | D:10     | Killed a two-headed ogre
  8324 | D:10     | Reached skill level 11 in Axes
  8324 | D:10     | Reached skill level 5 in Invocations
  8394 | D:10     | Noticed a manticore
  8405 | D:10     | Killed a manticore
  8405 | D:10     | Received a gift from Okawaru
  8469 | D:10     | Reached skill level 12 in Axes
  8472 | D:10     | Identified the +9 ring mail "Zaapah" {Str+5}
  8527 | D:10     | Reached XP level 11. HP: 94/95 MP: 14/14
  8568 | D:10     | Noticed a two-headed ogre
  8580 | D:10     | Killed a two-headed ogre
  8950 | D:10     | Found a hide-covered altar of Uskayaw.
  8994 | D:10     | Found a hazy altar of Hepliaklqana.
  8995 | D:10     | Found a shimmering altar of Xom.
  8996 | D:10     | Noticed a red ugly thing
  9291 | D:11     | Received a gift from Okawaru
  9391 | D:11     | Noticed a two-headed ogre
  9397 | D:11     | Killed a two-headed ogre
  9422 | D:11     | Noticed Erolcha
  9427 | D:11     | Killed Erolcha
  9427 | D:11     | Received a gift from Okawaru
  9428 | D:11     | Reached skill level 13 in Axes
  9518 | D:11     | Noticed a boulder beetle
  9526 | D:11     | Identified the +8 battleaxe of the Arena {flame, Will+
                  | rCorr} (Okawaru gifted it to you on level 11 of the
                  | Dungeon)
  9526 | D:11     | Received a gift from Okawaru
  9540 | D:11     | Killed a boulder beetle
 10153 | D:11     | Found a staircase to the Lair.
 10234 | D:11     | Noticed Fannar
 10254 | D:11     | Received a gift from Okawaru
 10255 | D:11     | Reached skill level 14 in Axes
 10259 | D:11     | Killed Fannar
 10376 | D:11     | Identified the +4 war axe of Psychosis {freeze, rF+ rN+
                  | Dex+4}
 10491 | Lair:1   | Entered Level 1 of the Lair of Beasts
 10552 | Lair:1   | Found a frozen archway.
 10594 | IceCv    | Entered an ice cave
 10636 | IceCv    | Identified the +0 scale mail "Esoplomu" {SInv} (Okawaru
                  | gifted it to you in an ice cave)
 10636 | IceCv    | Received a gift from Okawaru
 10739 | IceCv    | Noticed a white ugly thing
 10758 | IceCv    | Reached XP level 12. HP: 23/106 MP: 11/16
 10774 | IceCv    | Reached skill level 10 in Armour
 10774 | IceCv    | HP: 3/106 [white ugly thing (11)]
 10779 | IceCv    | Reached skill level 15 in Axes
 10825 | IceCv    | Got the Volume of Activism
 11055 | Lair:1   | Reached skill level 10 in Fighting
 11055 | Lair:1   | Reached skill level 10 in Shields
 11116 | Lair:1   | Reached ****** piety under Okawaru
 11207 | Lair:1   | Noticed Nergalle
 11214 | Lair:1   | Killed Nergalle
 11849 | Lair:2   | Reached skill level 16 in Axes
 12301 | Lair:3   | Found a staircase to the Swamp.
 12304 | Lair:3   | HP: 4/107 [will-o-the-wisp/foxfire (16)]
 12304 | Lair:3   | Killed from afar by a will-o-the-wisp

Illustrated notes

Levels and vault maps discovered:
D:1:      eino_arrival_cavern_b, layout_rooms, amethyst_killhole
D:2:      layout_loops_cross, hellmonk_ecumenical_altar_heavens_door
D:3:      layout_basic, lemuel_coloured_pillars_altar,
          nicolae_gozag_cash_rules_everything_around_me, old_standard_altar,
          grunt_ministairs_10, supply_closet_lemuel, nrook_mini_vaults,
          nicolae_half_adder
D:4:      layout_loops_ring, kennysheep_mini_moat, lemuel_doored_altar,
          chequers_ossuary_entry_cave, minmay_strange_pillars,
          minmay_close_crescents, uniq_blork_the_orc
D:5:      layout_basic, mainiacjoe_overflow_boulevard,
          lemuel_zombie_altar_yredelemnul, ebering_ghost_gozag,
          minmay_fountain_box
D:6:      cheibrodos_iron_armory, layout_loops_ring, serial_shops,
          nicolae_shop_behind_doors, sigmund_army
D:7:      layout_loops_ring, mainiacjoe_overflow_chevrons,
          mainiacjoe_overflow_paths, temple_green, nicolae_shop_vocational,
          uniq_menkaure
D:8:      wad_woods_settlement, layout_basic, mainiacjoe_overflow_swirl
D:9:      layout_rooms, lemuel_tele_altar, hangedman_decor_slide_cut
D:10:     layout_irregular_city, regret_index_temple_of_mockery,
          nicolae_uskayaw_dance_hall, serial_bayou_pond_b
D:11:     kennysheep_big_flooded_room, layout_basic, lair_entry_dummy,
          uniq_erolcha, uniq_fannar
Temple:   hellmonk_temple_divided_pantheon
Lair:1:   layout_small_grid, portal_ice_cave_entry_imps,
          infiniplex_staircase_pool, grunt_megastairs_1, lemuel_fruit_tree,
          uniq_nergalle
Lair:2:   gammafunk_boulding_lane, layout_hall_layers,
          grunt_forest_small_clearing_treed
Lair:3:   layout_gridlike, minmay_swamp_entry_wisps,
          spider_nest_entry_web_field, uniq_gastronok

Skill      XL: |  1  2  3  4  5  6  7  8  9 10 11 12 |
---------------+-------------------------------------+-----
Axes           | 3 4 5 6 8 9 12 14 16 | 16.4
Fighting       | 4 5 6 7 8 9 10 | 10.5
Armour         | 4 5 6 7 8 9 10 | 10.6
Shields        | 4 5 6 7 8 9 10 | 10.5
Throwing       | 1 2 3 4 5 6 7 8 |  8.0
Invocations    | 1 2 4 5 6 7 |  7.4

Action                     |  1- 3 |  4- 6 |  7- 9 | 10-12 || total
---------------------------+-------+-------+-------+-------++-------
  Melee: War axe           |    49 |    93 |       |       ||   142
         Headbutt          |     8 |    24 |    27 |    60 ||   119
         Broad axe         |       |    74 |   206 |   291 ||   571
  Throw: Boomerang         |       |       |    24 |    28 ||    52
 Invoke: Heroism           |       |       |     2 |     2 ||     4
         Finesse           |       |       |       |     2 ||     2
    Use: Scroll            |     3 |     9 |     7 |    13 ||    32
         Potion            |       |       |       |     3 ||     3
 Armour: Scale mail        |    19 |    97 |    11 |       ||   127
         Ring mail         |       |       |    22 |       ||    22
         Chain mail        |       |       |     9 |       ||     9
         Plate armour      |       |       |    83 |   232 ||   315
  Dodge: Dodged            |    28 |    68 |    66 |   103 ||   265
  Block: Buckler           |    10 |    29 |    44 |    99 ||   182

Table legend: (Time is in decaauts)
 A = Elapsed time spent in this place.
 B = Non-inter-level travel time spent in this place.
 C = Inter-level travel time spent in this place.
 D = Time resting spent in this place.
 E = Time spent auto-exploring this place.
 F = Levels seen in this place.
 G = Mean time per level.
                   A        B        C        D        E       F      G
               +--------+--------+--------+--------+--------+-----+--------+
         Total |  12406 |  12034 |    372 |    394 |   8409 |  17 |  729.8 |
       Dungeon |  10307 |   9970 |    337 |    325 |   7250 |  11 |  937.0 |
        Temple |     25 |     25 |      0 |      0 |      0 |   1 |   25.0 |
          Lair |   1397 |   1362 |     35 |     16 |   1010 |   3 |  465.7 |
       Ossuary |    284 |    284 |      0 |      0 |      6 |   1 |  284.0 |
      Ice Cave |    391 |    391 |      0 |     53 |    143 |   1 |  391.0 |
               +--------+--------+--------+--------+--------+-----+--------+

Top non-repeatable levels by time:
     D:3: 1337 daAuts
    D:11: 1207 daAuts
     D:4: 1101 daAuts
     D:8: 1094 daAuts
    D:10: 962 daAuts
     D:7: 914 daAuts
  Lair:1: 894 daAuts
     D:5: 887 daAuts
     D:2: 809 daAuts
     D:6: 777 daAuts
     D:9: 663 daAuts
     D:1: 551 daAuts
  Lair:2: 469 daAuts
   IceCv: 391 daAuts
 Ossuary: 284 daAuts
